 Dungeon Crawl Stone Soup version 0.26.1-2-gb8aa6d0 (webtiles) character file.

Game seed: 11222524870982695691

2650 Nithhogg the Cleaver (level 9, -1/81 HPs)
             Began as a Deep Dwarf Fighter on Mar 31, 2021.
             Slain by Kave's ghost (16 damage)
             ... on level 7 of the Dungeon.
             The game lasted 00:14:36 (6132 turns).

Nithhogg the Cleaver (Deep Dwarf Fighter)           Turns: 6132, Time: 00:14:37

Health: -1/81      AC: 12    Str: 23      XL:     9   Next: 36%
Magic:  6/6        EV: 14    Int:  7      God:
Gold:   393        SH:  0    Dex: 11 (12) Spells: 8/8 levels left

rFire    . . .     SeeInvis +   C - +1 battleaxe
rCold    + + .     Faith    .   (shield currently unavailable)
rNeg     . . .     Spirit   .   x - +3 leather armour of Repulsion {Harm rC++ Int-2 SInv}
rPois    .         Reflect  .   (no helmet)
rElec    .         Harm     +   (no cloak)
rCorr    .         Rampage  .   r - +0 pair of gloves {archery}
Will     ++...                  (no boots)
Stlth    +.........             (no amulet)
HPRegen  0.00/turn              h - +4 ring of protection
MPRegen  0.10/turn              H - ring of willpower

@: non-regenerating
A: damage resistance, heal wounds, sense surroundings 2, no regeneration
a: Heal Wounds


You were on level 7 of the Dungeon.
You visited 2 branches of the dungeon, and saw 8 of its levels.

You collected 393 gold pieces.

Inventory:

Hand Weapons
 a - a +0 war axe
 C - a +1 battleaxe (weapon)
Missiles
 F - 5 silver javelins
Armour
 b - a +0 scale mail
 c - a +0 kite shield
 i - a +1 ring mail of cold resistance
 r - a +0 pair of gloves of archery (worn)
 x - the +3 leather armour of Repulsion (worn) {Harm rC++ Int-2 SInv}
   (You found it on level 5 of the Dungeon)

   It affects your intelligence (-2).
   It greatly protects you from cold.
   It lets you see invisible.
   It increases damage dealt and taken.
Jewellery
 h - a +4 ring of protection (left hand)
 k - an uncursed ring of flight
 p - an uncursed amulet of guardian spirit
 H - a ring of willpower (right hand)
Wands
 q - a wand of digging (12)
 A - a wand of flame (10) (quivered)
Scrolls
 f - 3 scrolls of remove curse
 g - 4 scrolls of teleportation
 o - 3 scrolls of magic mapping
 u - 2 scrolls of fog
 v - 6 scrolls of identify
 y - a scroll of amnesia
 z - 2 scrolls of blinking
 D - a scroll of enchant armour
 G - 2 scrolls of enchant weapon
Potions
 d - 4 potions of might
 e - a potion of mutation {unknown}
 j - 3 potions of lignification
 l - a potion of ambrosia {unknown}
 m - 3 potions of haste
 n - 3 potions of heal wounds {unknown}
 s - 3 potions of curing {unknown}
 t - 2 potions of cancellation {unknown}
 w - a potion of attraction {unknown}
 B - a potion of flight {unknown}
 E - a potion of degeneration {unknown}


   Skills:
 + Level 5.5 Fighting
 * Level 8.5 Axes
 + Level 6.7 Armour
 + Level 5.5 Dodging
 - Level 3.2 Shields
 + Level 6.1 Evocations


You had 8 spell levels left.
You didn't know any spells.
Your spell library contained the following spells:

 Spells                   Type           Power        Failure   Level
 Summon Lightning Spire   Summ/Air       0%           99%         4
 Silence                  Hex/Air        0%           100%        5
 Conjure Ball Lightning   Conj/Air       0%           100%        6
 Tornado                  Air            0%           100%        9


Dungeon Overview and Level Annotations

Branches:
Dungeon (7/15)             Temple (1/1) D:4

Altars:
Ashenzari
Cheibriados
Dithmenos
Elyvilon
Fedhas
Gozag
Hepliaklqana
Kikubaaqudgha
Makhleb
Nemelex Xobeh
Okawaru
Qazlal
Ru
Sif Muna
Trog
Uskayaw
Vehumet
Wu Jian
Xom
Yredelemnul
Zin

Shops:
D:6 (   D:7 (!

Annotations:
D:7 Kave's ghost, novice TrTm


Innate Abilities, Weirdness & Mutations

You are resistant to damage.
You can heal yourself by infusing magical energy.
You passively map the area around you.
You do not regenerate.


Message History

Aim: Kave's ghost (moderately damaged, 29% to evade)
The puff of flame hits Kave's ghost.
Kave's ghost resists.
Kave's ghost is moderately damaged.
Kave's ghost hits you but does no damage.
Aiming: Throw Flame
Press: ? - help, Q - select action, (/) - cycle Shift-Dir - straight line, f/p - Kave's ghost
Aim: Kave's ghost (moderately damaged, 29% to evade)
The puff of flame hits Kave's ghost.
Kave's ghost resists.
Kave's ghost is moderately damaged.
Kave's ghost casts a spell at you. You resist with almost no effort.
You closely miss Kave's ghost.
Kave's ghost is moderately damaged.
Kave's ghost hits you!
You closely miss Kave's ghost.
Kave's ghost is moderately damaged.
Kave's ghost closely misses you. Kave's ghost hits you!
* * * LOW HITPOINT WARNING * * *
You fail to use your ability.
Kave's ghost hits you!
You die...

###.######.# #..##...##...###.#
#.#...##.# #.##..!..##.......
##......#.# #.#⌠.!♣..⌠#.###...
#.........#####.##.....##.# #..#
#................##..[##..# #..#
##..........###.#..##.##..## #..#
#............##.##..#'#..## #..#
............###.###......# #...
...#.#####.## #.@W.......# ###<
.###.# #.# #########.## #. #...##
#.# #.# ## ##### ##'## #.#
##...## #.## ## ##.....## ####..#
.## ##.......## ##.###.# #
..####.........####...##.########
...).+.........'.................


You could see Kave's ghost.

Vanquished Creatures
  Pikel (D:6)
  Grinder (D:4)
  Menkaure (D:6)
  An ice beast (D:6)
  An orc warrior (D:6)
  2 sky beasts (D:6)
  3 ogres
  A phantom (D:6)
  A centaur (D:7)
  A lemure (D:6)
  6 scorpions
  5 wights (D:6)
  A howler monkey (D:6)
  2 quasits
  A centaur zombie (D:5)
  A jelly (D:6)
  An orc priest (D:4)
  2 orc wizards
  Natasha (twice) (D:4)
  4 worker ants
  2 hound skeletons
  A howler monkey zombie (D:5)
  6 adders
  4 gnolls (D:2)
  2 ufetubi
  An adder skeleton (D:5)
  An adder zombie (D:7)
  4 worms (D:2)
  2 dart slugs
  5 leopard geckos
  15 orcs
  2 ball pythons
  3 giant cockroaches
  7 goblins
  9 hobgoblins
  13 jackals
  6 kobolds
  4 quokkas
  3 bats
  5 frilled lizards
  A giant cockroach zombie (D:5)
  3 leopard gecko skeletons
  A quokka skeleton (D:4)
  11 rats
149 creatures vanquished.

Vanquished Creatures (others)
  A plant (D:7)
1 creature vanquished.

Grand Total: 150 creatures vanquished

Notes
Turn   | Place    | Note
-------+----------+-------------------------------------------
     0 | D:1      | Nithhogg the Deep Dwarf Fighter began the quest for the
                  | Orb.
     0 | D:1      | Reached XP level 1. HP: 20/20 MP: 1/1
   164 | D:1      | Reached XP level 2. HP: 22/27 MP: 2/2
   530 | D:2      | Reached skill level 1 in Dodging
   563 | D:2      | Found an opulent altar of Gozag.
   619 | D:2      | Reached skill level 3 in Axes
   619 | D:2      | Reached XP level 3. HP: 22/34 MP: 3/3
  1398 | D:2      | Reached XP level 4. HP: 21/42 MP: 4/4
  2312 | D:3      | Found a sacrificial altar of Ru.
  2454 | D:3      | Reached XP level 5. HP: 37/49 MP: 5/5
  2697 | D:4      | Reached skill level 4 in Axes
  2697 | D:4      | Reached skill level 1 in Evocations
  2723 | D:4      | Noticed an ogre
  2732 | D:4      | Killed an ogre
  2789 | D:4      | Reached XP level 6. HP: 22/56 MP: 6/6
  2822 | D:4      | Noticed Grinder
  2847 | D:4      | Killed Grinder
  2848 | D:4      | Reached skill level 5 in Axes
  2935 | D:4      | Reached XP level 7. HP: 38/63 MP: 7/7
  3064 | D:4      | Found a staircase to the Ecumenical Temple.
  3074 | D:4      | Noticed Natasha
  3082 | D:4      | Killed Natasha
  3106 | Temple   | Entered the Ecumenical Temple
  3550 | D:4      | Noticed Natasha
  3556 | D:4      | Killed Natasha
  3584 | D:5      | Entered Level 5 of the Dungeon
  3603 | D:4      | Reached skill level 5 in Armour
  3657 | D:5      | Reached skill level 6 in Axes
  3935 | D:5      | Reached XP level 8. HP: 41/73 MP: 8/8
  4104 | D:5      | Got a glimmering leather armour
  4115 | D:5      | Identified the +3 leather armour of Repulsion {Harm rC++
                  | Int-2 SInv} (You found it on level 5 of the Dungeon)
  4463 | D:6      | Noticed Menkaure
  4469 | D:6      | Killed Menkaure
  4470 | D:6      | Reached skill level 7 in Axes
  4532 | D:6      | Reached skill level 5 in Evocations
  4553 | D:6      | Found Qulid's Antique Weapon Boutique.
  4651 | D:6      | Reached skill level 5 in Fighting
  4662 | D:6      | Reached skill level 5 in Dodging
  4800 | D:6      | Gained mutation: You passively map the area around you.
                  | [Deep Dwarf growth]
  4800 | D:6      | Reached XP level 9. HP: 55/81 MP: 8/8
  4852 | D:6      | Reached skill level 8 in Axes
  5202 | D:7      | Noticed Pikel
  5222 | D:6      | Killed Pikel
  5291 | D:7      | Found a runed translucent door.
  5291 | D:7      | Noticed Kave's ghost (novice TrTm)
  5314 | D:7      | Found Oruhae's Distillery.
  5510 | D:7      | Found Haroepro's Antique Weapon Shoppe.
  5892 | D:7      | Found a white marble altar of Elyvilon.
  5892 | D:7      | Found a broken altar of Ashenzari.
  5893 | D:7      | Found a snail-covered altar of Cheibriados.
  6132 | D:7      | Slain by Kave's ghost

Illustrated notes

Levels and vault maps discovered:
D:1:      dpeg_arrival_another_circle, layout_rooms, dk_noncrumbling_4,
          minmay_cupped
D:2:      layout_basic, grunt_gozag_breadcrumbs, mrwooster_statue_mirror,
          minmay_tall_x
D:3:      layout_loops_cross, marbit_many_paths, nrook_mini_backslash
D:4:      layout_basic, minmay_temple_entry_junction, serial_park_tiny_2,
          kennysheep_generic_room_3, uniq_grinder, uniq_natasha
D:5:      layout_cave_pods
D:6:      layout_gridville, serial_shops, kennysheep_mini, st_stairs_10,
          hex_tiny, uniq_menkaure
D:7:      layout_loops_corners, nicolae_overflow_hidden_temple, serial_shops,
          nicolae_shop_overgrown_old_shop, nicolae_shop_stone,
          hellmonk_ghost_happy_afterlife, uniq_pikel
Temple:   compressed_dpeg_circular_temple

Skill      XL: |  1  2  3  4  5  6  7  8  9 |
---------------+----------------------------+-----
Dodging        | 1 2 3 4 5 |  5.5
Fighting       | 3 4 5 |  5.5
Axes           | 3 4 5 6 7 8 |  8.5
Armour         | 4 5 6 |  6.7
Evocations     | 1 2 4 5 6 |  6.1
Shields        | |  3.2

Action                   |  1- 3 |  4- 6 |  7- 9 || total
-------------------------+-------+-------+-------++-------
Melee: War axe           |    97 |   163 |   249 ||   509
       Battleaxe         |       |       |    40 ||    40
 Abil: Heal Wounds       |     1 |     4 |    10 ||    15
Evoke: Wand              |       |       |    21 ||    21
  Use: Scroll            |       |     6 |     7 ||    13
Armor: Ring mail         |    53 |    69 |    64 ||   186
       Scale mail        |     3 |       |       ||     3
       Leather armour    |       |       |    87 ||    87
Dodge: Dodged            |    98 |    83 |   245 ||   426
